AoeStats
← shehrum2014

Arena

508685913Analyzed
1v1 RM · 8d ago on Sep 23, 2026· 35m 2s· 2 players
Game mode
Random Map
Map size
Tiny (2 player)
Population
200
Speed
Normal
Resources
Standard
Victory
Conquest
Starting age
Dark Age
Ending age
Imperial Age
RankedLock teamsTeams togetherTeam positionsShared explorationLock speedFull tech treeHidden civsTurbo modeCheats
Victory
Defeat
🇵🇰 Spanish · Pakistan
1314
+15
🇨🇳 Wei · China
1302
-15
皇皇皇皇皇
10:48 Feudal Age
14:43 Castle Age
12:41 Double-Bit Axe
12:54 Horse Collar
15:46 Loom
16:36 Wheelbarrow
21:27 Bow Saw
21:21 Heavy Plow
22:08 Bow Saw
23:09 Gold Mining
27:48 Imperial Age
25:28 Husbandry
25:29 Stone Mining
26:11 Scale Barding Armor
26:17 Forging
27:06 Bloodlines
27:22 Fletching
27:32 Padded Archer Armor
28:52 Gold Shaft Mining
29:17 Light Cavalry
31:11 Chain Barding Armor
30:47 Bodkin Arrow
30:49 Elite Skirmisher
32:15 Leather Archer Armor
shehrum2014
10:20 Feudal Age
14:05 Castle Age
12:37 Loom
20:20 Horse Collar
21:42 Double-Bit Axe
26:26 Imperial Age
28:58 Padded Archer Armor
29:41 Wheelbarrow
30:05 Leather Archer Armor
31:59 Ring Archer Armor
31:45 Bow Saw
Connection lost

Rejoining the realm…

Still unreachable

The connection could not be restored.

Session expired

The server has moved on; the page needs a fresh start.